 Dungeon Crawl Stone Soup version 0.28.0-43-g3370ac3207 (webtiles) character file.

Game seed: 8476324999598461373

1119 Icepheonix32 the Covered (level 8, -3/60 HPs)
             Began as a Demonspawn Fighter on Mar 17, 2022.
             Slain by Menkaure (17 damage)
             ... on level 4 of the Dungeon.
             The game lasted 00:10:06 (6058 turns).

Icepheonix32 the Covered (Demonspawn Fighter)       Turns: 6058, Time: 00:10:07

Health: -3/60      AC:  8    Str: 20    XL:     8   Next: 12%
Magic:  11/11      EV: 12    Int:  7    God:
Gold:   245        SH:  5    Dex: 16    Spells: 9/11 levels left

rFire   . . .      SeeInvis .   h - +3 dagger
rCold   . . .      Faith    .   c - +0 buckler
rNeg    . . .      Spirit   .   j - +0 ring mail
rPois   .          Reflect  .   (no helmet)
rElec   .          Harm     .   s - +0 cloak
rCorr   .          Rampage  .   u - +0 pair of gloves
Will    .....                   (no boots)
Stlth   +++.......              p - amulet of the acrobat
HPRegen 0.20/turn               e - ring of flight
MPRegen 0.12/turn               (no ring)

@: flying
A: thin skeletal structure 2, foul stench 2, demonic touch 2, dopey 1, evolution
1
a: no special abilities


You were on level 4 of the Dungeon.
You visited 1 branch of the dungeon, and saw 4 of its levels.
You also visited: Ossuary.

You collected 245 gold pieces.

Inventory:

Hand Weapons
 a - a +0 long sword
 f - a +1 dagger of venom
 g - a +1 dagger of electrocution
 h - a +3 dagger (weapon)
Armour
 b - a +0 scale mail
 c - a +0 buckler (worn)
 j - a +0 ring mail (worn)
 s - a +0 cloak (worn)
 u - a +0 pair of gloves (worn)
Jewellery
 e - a ring of flight (left hand)
 p - an amulet of the acrobat (around neck)
Wands
 v - a wand of paralysis (9)
 x - a wand of polymorph (5)
Scrolls
 k - 3 scrolls of teleportation
 m - 3 scrolls of noise
 n - a scroll of enchant armour
 r - 2 scrolls of immolation
 y - 2 scrolls of enchant weapon
 z - a scroll of vulnerability {unknown}
 B - 2 scrolls of acquirement {unknown}
 C - a scroll of magic mapping {unknown}
 D - 2 scrolls of summoning
Potions
 d - a potion of resistance {unknown}
 i - 2 potions of mutation
 l - 2 potions of magic
 o - 2 potions of curing
 q - a potion of invisibility
 t - 4 potions of flight {unknown}
 w - a potion of brilliance {unknown}
 A - 2 potions of berserk rage {unknown}
 E - a potion of attraction {unknown}


   Skills:
 + Level 4.1 Fighting
 + Level 3.5(3.9) Short Blades
 - Level 2.2(3.2) Long Blades
 + Level 4.7 Armour
 * Level 3.4 Dodging
 + Level 2.2 Stealth
 - Level 3.4 Shields
 * Level 0.1 Unarmed Combat
 * Level 2.1 Spellcasting
 * Level 2.2 Transmutations


You had 9 spell levels left.
You knew the following spells:

 Your Spells              Type           Power      Damage    Failure   Level
a - Wereblood             Tmut           3%         N/A       45%         2

Your spell library contained the following spells:

 Spells                   Type           Power      Damage    Failure   Level
 Summon Small Mammal      Summ           0%         N/A       63%         1
 Sublimation of Blood     Necr           0%         N/A       77%         2
 Ignite Poison            Fire/Tmut/Pois 1%         N/A       87%         3
 Call Canine Familiar     Summ           0%         N/A       94%         3
 Mephitic Cloud           Conj/Pois/Air  0%         N/A       94%         3
 Summon Guardian Golem    Hex/Summ       0%         N/A       94%         3
 Freezing Cloud           Conj/Ice/Air   0%         6-21      100%        5
 Summon Hydra             Summ           0%         N/A       100%        7


Dungeon Overview and Level Annotations

Branches:
Dungeon (4/15)            Ossuary (visited)
 Temple: D:4-7

Altars:
Ashenzari
Elyvilon
Hepliaklqana
Nemelex Xobeh
Ru
Wu Jian
The Shining One

Annotations:
D:4 1 runed translucent door, Menkaure


Innate Abilities, Weirdness & Mutations

You have a moderately thin skeletal structure. (Dex +4, Stealth++)
You sometimes emit foul miasma when damaged in melee.
Your touch may inflict irresistible damage on your foes.
You are dopey. (Int -2)
You have hidden genetic potential.


Message History

The adder hisses angrily.
The adder completely misses you.
You miss the adder. You block the adder's attack.
You closely miss the adder. The adder closely misses you.
You hit the adder.
The adder is heavily wounded.
You block the adder's attack.
You hit the adder.
The adder is severely wounded.
The adder barely misses you.
You hit the adder.
You kill the adder!
No target in view!
You see here an adder corpse.
Menkaure, Prince of Dust comes into view.
Menkaure shouts!
Menkaure calls on the powers of darkness!
Your body is wracked with pain!
You hit Menkaure.
Menkaure is lightly damaged.
Menkaure hits you!!
* * * LOW HITPOINT WARNING * * *
You are too injured to fight recklessly!
You hit Menkaure but do no damage.
Menkaure is lightly damaged.
Menkaure hits you.
* * * LOW HITPOINT WARNING * * *
It was a potion of mutation.
You feel extremely strange.
You feel stupid.
You feel a hidden potential growing inside you.
You no longer feel a hidden potential within.
You feel a hidden potential growing inside you.
Menkaure calls on the powers of darkness!
Your body is wracked with pain!
* * * LOW HITPOINT WARNING * * *
Okay, then.
It was a potion of magic.
Magic courses through your body.
Unknown command.
It was a potion of curing.
You feel better. Menkaure hits you!
You die...

#..........### ##
#.#..###†..# ##.
#.#..# ##..# #8.
#.#..# ##.# ##.
#.#..# #.# ##
#.#..#######
#.#........#######
#M##.######.......
#@##.# #.......
#.##.######.......
#.##..........<...
#............##...
########..#.###.##
#..#.# #.## #..#.#
#... #..#.# #.##
#..#.###)##


You could see Menkaure.

Vanquished Creatures
  Grinder (D:4)
  Sigmund (D:2)
  Eustachio (D:4)
  A necrophage (D:4)
  2 centaur zombies (Ossuary)
  A jelly (D:4)
  Terence (D:2)
  Natasha (twice) (D:4)
  3 ogre zombies (Ossuary)
  7 mummies (Ossuary)
  A gnoll (D:1)
  8 adders
  A white imp (D:3)
  An ufetubus (D:4)
  4 adder zombies (Ossuary)
  A worm (D:2)
  7 dart slugs
  5 orcs (D:3)
  10 ball pythons
  9 endoplasms
  5 giant cockroaches
  11 hobgoblins
  A jackal (D:3)
  6 kobolds
  4 quokkas
  5 bats
  2 frilled lizards (D:1)
  6 goblins
  5 goblin zombies (Ossuary)
  2 hobgoblin zombies (Ossuary)
  5 kobold zombies (Ossuary)
  An orc zombie (Ossuary)
  4 quokka zombies (Ossuary)
  8 rats
  4 rat zombies (Ossuary)
136 creatures vanquished.

Vanquished Creatures (others)
  5 fungi (D:4)
5 creatures vanquished.

Grand Total: 141 creatures vanquished

Notes
Turn   | Place    | Note
-------+----------+-------------------------------------------
     0 | D:1      | Icepheonix32 the Demonspawn Fighter began the quest for the
                  | Orb.
     0 | D:1      | Reached XP level 1. HP: 18/18 MP: 1/1
    94 | D:1      | Gained mutation: You have a somewhat thin skeletal
                  | structure. (Dex +2, Stealth+) [demonic ancestry]
    94 | D:1      | Reached XP level 2. HP: 18/24 MP: 2/2
   426 | D:1      | Gained mutation: You may rarely emit foul miasma when
                  | damaged in melee. [demonic ancestry]
   426 | D:1      | Reached XP level 3. HP: 21/29 MP: 3/3
  1393 | D:2      | Noticed Sigmund
  1403 | D:2      | Killed Sigmund
  1404 | D:2      | Reached skill level 1 in Short Blades
  1404 | D:2      | Reached skill level 1 in Dodging
  1404 | D:2      | Reached XP level 4. HP: 33/36 MP: 4/4
  1404 | D:2      | Gained mutation: You have a moderately thin skeletal
                  | structure. (Dex +4, Stealth++) [demonic ancestry]
  1404 | D:2      | Reached XP level 5. HP: 37/41 MP: 5/5
  1904 | D:2      | Noticed Terence
  1912 | D:2      | Killed Terence
  1913 | D:2      | Gained mutation: You sometimes emit foul miasma when
                  | damaged in melee. [demonic ancestry]
  1913 | D:2      | Reached XP level 6. HP: 41/48 MP: 6/6
  2208 | D:3      | Learned a level 2 spell: Wereblood
  2309 | D:3      | Found an ornate altar of the Wu Jian Council.
  2316 | D:3      | Found a sparkling altar of Nemelex Xobeh.
  3285 | D:4      | Found a sand-covered staircase.
  3295 | Ossuary  | Entered an ossuary
  3915 | Ossuary  | Reached skill level 1 in Stealth
  4066 | Ossuary  | Gained mutation: Your touch may inflict minor irresistible
                  | damage on your foes. [demonic ancestry]
  4066 | Ossuary  | Reached XP level 7. HP: 44/53 MP: 8/8
  4213 | Ossuary  | Reached skill level 1 in Transmutations
  4251 | Ossuary  | Reached skill level 1 in Spellcasting
  4770 | D:4      | Noticed Grinder
  4791 | D:4      | Killed Grinder
  5058 | D:4      | Found a sacrificial altar of Ru.
  5455 | D:4      | Noticed Eustachio
  5477 | D:4      | Killed Eustachio
  5478 | D:4      | Gained mutation: Your touch may inflict irresistible damage
                  | on your foes. [demonic ancestry]
  5478 | D:4      | Reached XP level 8. HP: 59/60 MP: 9/11
  5593 | D:4      | Noticed Natasha
  5604 | D:4      | Killed Natasha
  5759 | D:4      | Found a runed translucent door.
  5793 | D:4      | Found a hazy altar of Hepliaklqana.
  5861 | D:4      | Noticed Natasha
  5865 | D:4      | Found a broken altar of Ashenzari.
  5901 | D:4      | Killed Natasha
  6050 | D:4      | Noticed Menkaure
  6056 | D:4      | Gained mutation: You are dopey. (Int -2) [potion of
                  | mutation]
  6056 | D:4      | Gained mutation: You have hidden genetic potential. [potion
                  | of mutation]
  6056 | D:4      | Lost mutation: You have hidden genetic potential. [potion
                  | of mutation]
  6056 | D:4      | Gained mutation: You have hidden genetic potential. [potion
                  | of mutation]
  6058 | D:4      | Slain by Menkaure

Illustrated notes

Levels and vault maps discovered:
D:1:      doesnt_arrival_eight_statues, layout_rooms
D:2:      layout_basic, basic_altar, minmay_joined_circles, uniq_sigmund,
          uniq_terence
D:3:      kennysheep_big_flooded_room, layout_basic, grunt_temple_overflow_open,
          hangedman_abyss_or_decor_stabs, minmay_misc_feat_iff
D:4:      layout_loops_ring, old_standard_altar, mainiacjoe_overflow_brackets,
          nicolae_ashenzari_skybound, elyvilon_altar_1,
          chequers_ossuary_entry_cave, uniq_eustachio, uniq_crazy_yiuf_cottage,
          uniq_menkaure, uniq_grinder, uniq_natasha

Skill      XL: |  1  2  3  4  5  6  7 |
---------------+----------------------+-----
Long Blades    | 2 |  2.2
Shields        | 3 |  3.4
Armour         | 3 4 |  4.7
Short Blades   | 1 2 3 |  3.5
Dodging        | 1 2 3 |  3.4
Stealth        | 1 2 |  2.2
Transmutations | 2 |  2.2
Spellcasting   | 2 |  2.1
Fighting       | 4 |  4.1
Unarmed Combat | |  0.1

Action                   |  1- 3 |  4- 6 |  7- 9 || total
-------------------------+-------+-------+-------++-------
Melee: Long sword        |    26 |       |       ||    26
       Dagger            |    83 |   288 |   161 ||   532
  Use: Potion            |     1 |       |     4 ||     5
       Scroll            |       |     6 |     2 ||     8
 Stab: Sleeping          |       |    23 |     2 ||    25
       Distracted        |       |     1 |     1 ||     2
Armor: Scale mail        |    38 |       |       ||    38
       Ring mail         |       |    68 |    35 ||   103
Dodge: Dodged            |    36 |   119 |    86 ||   241
Block: Buckler           |    21 |    49 |    30 ||   100
